 Dungeon Crawl Stone Soup version 0.28.0-53-g5a82cb258f (webtiles) character file.

Game seed: 15399737750439846755

16921 hawla the Arsonist (level 12, -2/100 HPs)
             Began as a Deep Elf Fire Elementalist on May 26, 2022.
             Was an Elder of Vehumet.
             Shot with a bolt by an orc knight (17 damage)
             ... on level 15 of the Dungeon on May 27, 2022.
             The game lasted 00:42:08 (13723 turns).

hawla the Arsonist (Deep Elf Fire Elementalist)    Turns: 13723, Time: 00:42:08

Health: -2/100     AC: 26    Str:  5    XL:     12   Next: 14%
Magic:  22/34      EV:  2    Int: 26    God:    Vehumet [****..]
Gold:   723        SH:  0    Dex: 15    Spells: 4/26 levels left

rFire   . . .      SeeInvis .   f - +6 dagger (pain)
rCold   . . .      Faith    .   (no shield)
rNeg    . . .      Spirit   .   (armour currently unavailable)
rPois   +          Reflect  .   (helmet currently unavailable)
rElec   .          Harm     .   (cloak currently unavailable)
rCorr   .          Rampage  .   (gloves currently unavailable)
Will    +....      NoTele   +   (boots currently unavailable)
Stlth   +++.......              h - amulet of magic regeneration
HPRegen 0.26/turn               c - ring of magical power
MPRegen 0.64/turn               i - +4 ring of evasion

@: tree-form (expiring)
A: stationary, stasis, torment immunity, boosted hp
a: Renounce Religion


You were on level 15 of the Dungeon.
You worshipped Vehumet.
Vehumet was greatly pleased with you.
You were a tree.
You visited 1 branch of the dungeon, and saw 15 of its levels.

You collected 723 gold pieces.

Inventory:

Hand Weapons
 f - a +6 dagger of pain (weapon)
 v - a +1 spectral quarterstaff
Armour
 g - a +1 pair of boots (melded)
 k - a +2 pair of gloves (melded)
 w - a +2 robe of fire resistance (melded)
 z - +0 steam dragon scales
Magical Staves
 B - a staff of death
Jewellery
 c - a ring of magical power (left branch)
 h - an amulet of magic regeneration (around neck)
 i - a +4 ring of evasion (right branch)
 y - a +6 ring of dexterity
 C - a ring of flight
Wands
 a - a wand of paralysis (7)
 p - a wand of flame (41)
 s - a wand of iceblast (25)
 A - a wand of acid (4)
Scrolls
 l - a scroll of identify
 n - a scroll of amnesia
 r - a scroll of magic mapping
 u - a scroll of teleportation
Potions
 d - a potion of berserk rage
 j - 2 potions of might
 m - 7 potions of ambrosia
 o - 4 potions of brilliance
 q - a potion of cancellation
 x - 2 potions of haste


   Skills:
 + Level 4.3 Fighting
 - Level 0.1 Short Blades
 + Level 6.9 Dodging
 - Level 3.8 Stealth
 - Level 7.9 Spellcasting
 * Level 12.4 Conjurations
 + Level 1.2 Translocations
 + Level 12.8 Fire Magic
 * Level 7.4 Earth Magic


You had 4 spell levels left.
You knew the following spells:

 Your Spells              Type           Power      Damage    Failure   Level
a - Foxfire               Conj/Fire      100%       2x1d9     1%          1
b - Scorch                Fire           100%       2d10      1%          2
c - Flame Wave            Conj/Fire      66%        2d12      1%          4
d - Stone Arrow           Conj/Erth      100%       3d13      1%          3
e - Lehudib's Crystal Sp  Conj/Erth      29%        10d8      80%         8
f - Iskenderun's Mystic   Conj/Tloc      46%        2d10      1%          4

Your spell library contained the following spells:

 Spells                   Type           Power      Damage    Failure   Level
 Sticky Flame             Conj/Fire      66%        2d8       1%          4
 Conjure Flame            Conj/Fire      66%        6-21      1%          3
 Inner Flame              Hex/Fire       43%        N/A       1%          3
 Sublimation of Blood     Necr           10%        N/A       9%          2
 Wereblood                Tmut           10%        N/A       9%          2
 Animate Armour           Summ/Erth      58%        N/A       12%         4
 Freezing Cloud           Conj/Ice/Air   15%        6-21      8%          5
 Simulacrum               Ice/Necr       5%         N/A       100%        6
 Summon Cactus Giant      Summ           5%         N/A       100%        6
 Summon Hydra             Summ           5%         N/A       100%        7
 Polar Vortex             Ice            5%         N/A       100%        9


Dungeon Overview and Level Annotations

Branches:
Dungeon (15/15)            Temple (0/1) D:5            Lair (0/6) D:9
    Orc (0/2) D:11
 Vaults: D:13-14     Depths: D:15

Altars:
Ashenzari
Elyvilon
Fedhas
Gozag
Kikubaaqudgha
Okawaru
Ru
Sif Muna
Trog
Vehumet
Wu Jian
Yredelemnul

Shops:
D:3 *   D:6 (


Message History

An orc comes into view. It is wielding a +0 whip.
The orc knight roars a battlecry!
The orc knight shoots a bolt.
The bolt hits you!
* * * LOW HITPOINT WARNING * * *
Unknown command.
Okay, then.
Casting: Stone Arrow (safe; 1% risk of failure)
Confirm with . or Enter, or press ? or * to list all spells.
Casting: Flame Wave (safe; 1% risk of failure)
Press: ? - help, Dir - look around, f - activate A wave of flame ripples out! (Press . to intensify the flame waves.)
A wave of flame ripples out!
The flame wave engulfs the orc warrior but does no damage.
Your transformation is almost over.
A wave of flame ripples out!
The flame wave engulfs the orc warrior.
The orc warrior is lightly wounded.
The flame wave engulfs the orc!
You kill the orc!
Vehumet accepts your kill.
The orc warrior hits you but does no damage.
Unknown command.
Casting: Flame Wave (safe; 1% risk of failure)
Confirm with . or Enter, or press ? or * to list all spells.
You erupt in a blast of force!
The mystic blast hits the orc warrior!
The orc warrior is heavily wounded.
The orc warrior is knocked back by the mystic blast.
Casting: Iskenderun's Mystic Blast (mildly dangerous; 1% risk of failure)
Confirm with . or Enter, or press ? or * to list all spells.
Casting: Flame Wave (safe; 1% risk of failure)
Press: ? - help, Dir - look around, f - activate A wave of flame ripples out! (Press . to intensify the flame waves.)
The orc knight roars a battlecry!
A wave of flame ripples out!
The flame wave engulfs the orc warrior!
The orc warrior is almost dead.
The flame wave engulfs the orc knight!
The orc knight is moderately wounded.
The orc knight shoots a bolt.
The bolt hits you!
You die...

## #.### .
#...## .#
#....###..#
#.♣.o....#
#..#o....##
#..#(.)...#
#..........
#...)......
##.....##!.
##.$..#
##.....
....o.


You could see an orc knight and an orc warrior (strong).

Vanquished Creatures
  A two-headed ogre (D:10)
  2 skeletal warriors (D:13)
  Pikel (D:5)
  A deep elf pyromancer (D:12)
  2 cyclopes
  A manticore (D:12)
  2 kobold demonologists (D:11)
  A freezing wraith (D:14)
  A komodo dragon (D:9)
  A queen bee (D:11)
  2 trolls
  A hornet (D:14)
  A hornet (shapeshifter) (D:13)
  4 slime creatures (D:12)
  2 shadows (D:11)
  2 wraiths
  2 wyverns
  7 yaks
  A redback simulacrum (D:13)
  2 steam dragons
  4 vampire mosquitoes
  Grum (D:11)
  3 acid dragons
  6 two-headed ogre zombies (D:9)
  Duvessa (D:7)
  4 orc warriors
  2 black bears
  A sky beast (D:7)
  4 wolves (D:11)
  11 centaurs
  An ogre (D:15)
  4 kobold brigands
  Blork the orc (D:6)
  A gnoll sergeant (D:12)
  2 scorpions
  A jelly (D:6)
  Dowan (D:7)
  45 killer bees
  A howler monkey (D:10)
  5 wights (D:6)
  5 electric eels (D:10)
  5 centaur zombies
  4 orc priests
  5 hounds
  A centaur skeleton (D:7)
  2 gnoll shamans (D:7)
  An iguana (D:4)
  9 orc wizards
  2 scorpion zombies (D:5)
  A killer bee zombie (D:6)
  A howler monkey zombie (D:6)
  2 howler monkey skeletons (D:7)
  12 gnolls
  7 adders
  A shadow imp (D:6)
  2 white imps
  An ufetubus (D:4)
  29 orcs
  5 endoplasms
  10 goblins
  11 hobgoblins
  8 jackals (D:4)
  4 quokkas
  6 ball pythons
  9 bats
  2 frilled lizards (D:1)
  7 kobolds
  6 rats
294 creatures vanquished.

Vanquished Creatures (collateral kills)
  6 foxfires
6 creatures vanquished.

Vanquished Creatures (others)
  A centaur (D:11)
  An orc wizard (D:15)
  561 foxfires
  16 fungi (D:4)
  37 plants
616 creatures vanquished.

Grand Total: 916 creatures vanquished

Notes
Turn   | Place    | Note
-------+----------+-------------------------------------------
     0 | D:1      | hawla the Deep Elf Fire Elementalist began the quest for
                  | the Orb.
     0 | D:1      | Reached XP level 1. HP: 10/10 MP: 6/6
    62 | D:1      | Reached XP level 2. HP: 15/15 MP: 1/8
   191 | D:1      | Learned a level 2 spell: Scorch
   687 | D:1      | Reached XP level 3. HP: 10/19 MP: 8/10
  1254 | D:2      | Found a blossoming altar of Fedhas.
  1584 | D:3      | Found a faded altar of an unknown god.
  1618 | D:3      | Reached XP level 4. HP: 24/24 MP: 8/12
  1623 | D:3      | Learned a level 4 spell: Flame Wave
  1815 | D:3      | Found a sacrificial altar of Ru.
  1919 | D:3      | Found Potin's Assorted Antiques.
  2177 | D:4      | Noticed a black bear
  2185 | D:4      | Killed a black bear
  2186 | D:4      | Reached skill level 1 in Fighting
  2186 | D:4      | Reached skill level 5 in Fire Magic
  2186 | D:4      | Reached XP level 5. HP: 26/29 MP: 7/13
  2320 | D:4      | Found a blossoming altar of Fedhas.
  2453 | D:4      | Reached XP level 6. HP: 34/34 MP: 14/14
  2535 | D:4      | Found a radiant altar of Vehumet.
  2550 | D:4      | Became a worshipper of Vehumet
  2914 | D:5      | Entered Level 5 of the Dungeon
  2914 | D:5      | Noticed Pikel
  2957 | D:5      | Found a broken altar of Ashenzari.
  3223 | D:6      | Found Buarieg's Antique Weapon Shop.
  3729 | D:5      | Reached XP level 7. HP: 18/38 MP: 15/15
  3922 | D:6      | Reached * piety under Vehumet
  3922 | D:6      | Offered knowledge of Sandblast by Vehumet.
  3932 | D:6      | Noticed Blork the orc
  3949 | D:6      | Killed Blork the orc
  4094 | D:6      | Reached skill level 5 in Conjurations
  4512 | D:6      | Found an ornate altar of the Wu Jian Council.
  4897 | D:5      | Killed Pikel
  4898 | D:5      | Reached skill level 5 in Spellcasting
  4898 | D:5      | Reached XP level 8. HP: 12/44 MP: 18/18
  5175 | D:5      | Found a shimmering blue altar of Sif Muna.
  5244 | D:5      | Found a staircase to the Ecumenical Temple.
  5698 | D:7      | Learned a level 3 spell: Stone Arrow
  5887 | D:7      | Reached XP level 9. HP: 37/49 MP: 20/20
  5976 | D:7      | Found a basalt altar of Yredelemnul.
  5985 | D:7      | Noticed Duvessa
  5986 | D:7      | Noticed Dowan
  6140 | D:7      | Killed Duvessa
  6399 | D:7      | Killed Dowan
  6402 | D:7      | Offered knowledge of Freeze by Vehumet.
  6405 | D:7      | Reached ** piety under Vehumet
  7076 | D:8      | Reached skill level 1 in Earth Magic
  7379 | D:8      | Found an ancient bone altar of Kikubaaqudgha.
  7586 | D:8      | Found an opulent altar of Gozag.
  7856 | D:8      | Found a white marble altar of Elyvilon.
  7890 | D:9      | Reached skill level 5 in Dodging
  7970 | D:9      | Learned a level 8 spell: Lehudib's Crystal Spear
  8209 | D:9      | Found an iron altar of Okawaru.
  8226 | D:9      | Offered knowledge of Static Discharge by Vehumet.
  8678 | D:9      | Reached XP level 10. HP: 56/56 MP: 21/23
  8771 | D:9      | Reached skill level 10 in Fire Magic
  8968 | D:9      | Reached *** piety under Vehumet
  9261 | D:9      | Found a staircase to the Lair.
  9549 | D:10     | Entered Level 10 of the Dungeon
 10228 | D:10     | Found a bloodstained altar of Trog.
 10335 | D:10     | Offered knowledge of Hailstorm by Vehumet.
 10935 | D:10     | Noticed a two-headed ogre
 10943 | D:10     | Killed a two-headed ogre
 10944 | D:10     | Reached skill level 10 in Conjurations
 10944 | D:10     | Reached XP level 11. HP: 61/61 MP: 24/24
 11373 | D:11     | Reached **** piety under Vehumet
 11615 | D:11     | Found a staircase to the Orcish Mines.
 11649 | D:11     | Reached skill level 5 in Earth Magic
 11650 | D:11     | Offered knowledge of Iskenderun's Mystic Blast by Vehumet.
 11658 | D:11     | Noticed Grum
 11661 | D:11     | Killed Grum
 12407 | D:12     | Learned a level 4 spell: Iskenderun's Mystic Blast
 12628 | D:12     | Reached ***** piety under Vehumet
 12635 | D:12     | Noticed a deep elf pyromancer
 12903 | D:12     | Offered knowledge of Sticky Flame by Vehumet.
 12956 | D:12     | Killed a deep elf pyromancer
 13465 | D:13     | Noticed a skeletal warrior
 13509 | D:13     | Noticed a skeletal warrior
 13528 | D:13     | Killed a skeletal warrior
 13529 | D:13     | Reached XP level 12. HP: 67/67 MP: 13/25
 13581 | D:14     | Paralysed by a hornet for 3 turns
 13590 | D:14     | Reached skill level 1 in Translocations
 13681 | D:14     | Noticed a death knight
 13688 | D:14     | Noticed a tengu warrior
 13690 | D:14     | Noticed a tengu warrior
 13692 | D:15     | Entered Level 15 of the Dungeon
 13723 | D:15     | Shot with a bolt by an orc knight

Illustrated notes

Levels and vault maps discovered:
D:1:      wander_arrival_chamber, layout_rooms, chequers_garden,
          minmay_hexomino_c4
D:2:      layout_rooms, basic_altar, grunt_ministairs_5
D:3:      layout_rooms, nicolae_ru_awakened_eye,
          hellmonk_ecumenical_altar_lost_god, serial_shops, shop,
          kennysheep_generic_room_14
D:4:      layout_loops_ring, mainiacjoe_overflow_catwalk,
          mainiacjoe_overflow_cross_hatched
D:5:      layout_rooms, cheibrodos_ashenzari_chains, lemuel_doored_altar,
          minmay_temple_entry_mini_moons, uniq_pikel
D:6:      lemuel_ice_spiral_2, layout_basic,
          mainiacjoe_overflow_concentric_impassable, serial_shops, shop_coins,
          uniq_blork_the_orc
D:7:      layout_rooms, nicolae_overflow_hidden_temple,
          hangedman_abyss_or_decor_stagger, minmay_splitting_lines, uniq_duvessa
D:8:      layout_loops_ring, mainiacjoe_overflow_six_doors_small,
          mainiacjoe_overflow_big_doors
D:9:      lemuel_ogre_cave, layout_irregular_city, lemuel_tele_altar,
          david_lair_shrubbed
D:10:     wad_river_or_something, layout_small_grid, trog_book,
          chequers_big_river, serial_bayou_pond_e, minivault_27,
          nicolae_figureground_pulse
D:11:     layout_roguey [special_room_bee], orc_0_dummy, uniq_grum
D:12:     layout_irregular_city, grunt_decor_cap
D:13:     layout_basic, grunt_vaults_entry_fortified, elyvilon_altar_1
D:14:     layout_rooms, okawaru_metal_pillars_1_2, zin_treasury
D:15:     hangedman_depths_entry_try_elsewhere_first, layout_layer_cave

Skill      XL: |  1  2  3  4  5  6  7  8  9 10 11 12 |
---------------+-------------------------------------+-----
Fire Magic     | 4 5 6 8 9 11 12 | 12.8
Dodging        | 3 4 5 6 |  6.9
Spellcasting   | 4 5 6 7 |  7.9
Fighting       | 1 2 3 4 |  4.3
Conjurations   | 2 3 4 5 6 7 10 12 | 12.4
Stealth        | 3 |  3.8
Earth Magic    | 2 4 7 |  7.4
Translocations | 1 |  1.2
Short Blades   | |  0.1

Action                   |  1- 3 |  4- 6 |  7- 9 | 10-12 || total
-------------------------+-------+-------+-------+-------++-------
Melee: Dagger            |    18 |     5 |    13 |     2 ||    38
       Unarmed           |     3 |       |       |       ||     3
 Cast: Foxfire           |    45 |    66 |    97 |   126 ||   334
       Scorch            |     9 |    11 |    24 |    33 ||    77
       Flame Wave        |       |     6 |    24 |    36 ||    66
       Stone Arrow       |       |       |    17 |    54 ||    71
       Iskenderun's Myst |       |       |       |    17 ||    17
  Use: Scroll            |     4 |     3 |     6 |    16 ||    29
       Potion            |       |     1 |     5 |     9 ||    15
 Stab: Sleeping          |     2 |     1 |       |       ||     3
Armor: Robe              |     5 |     5 |     5 |     7 ||    22
       Skin              |       |       |     3 |     2 ||     5
       Steam dragon scal |       |       |    15 |    45 ||    60
Dodge: Dodged            |    25 |    30 |    67 |   138 ||   260
